 Dungeon Crawl Stone Soup version 0.32-a0-886-g41c5271027 (webtiles) character file.

Game seed: 10442717289001903354

664 ezpacito the Chopper (level 7, 55/55 HPs)
             Began as a Coglin Chaos Knight on Apr 3, 2024.
             Was a Plaything of Xom.
             Quit the game on level 4 of the Dungeon.
             The game lasted 00:05:16 (3310 turns).

ezpacito the Chopper (Coglin Chaos Knight)          Turns: 3310, Time: 00:05:16

Health: 55/55      AC:  8    Str: 14    XL:     7   Next: 57%
Magic:  9/9        EV: 11    Int: 12    God:    Xom [.*....]
Gold:   182        SH:  0    Dex: 13    Spells: 9/9 levels left

rFire   . . .        a - +2 hand axe (chaos) {Belessunu}
rCold   . . .        n - +0 spear {Lukas}
rNeg    . . .        b - +2 leather armour
rPois   .            p - +1 helmet
rElec   .            (no cloak)
rCorr   .            (no gloves)
SInv    .            (no boots)
Will    +....        (amulet unavailable)
Stlth   ++           (ring unavailable)
HPRegen 0.29/turn    (ring unavailable)
MPRegen 0.11/turn    (no gizmo)

%: random rage (3%)
@: no status effects
A: off-hand wielding, slow wielding, warmup strikes, no jewellery, berserk 1,
strong-willed 1, shaggy fur 1, subdued magic 1
a: Invent Gizmo, Renounce Religion


You were on level 4 of the Dungeon.
You worshipped Xom.
You were a plaything of Xom.
You visited 1 branch of the dungeon, and saw 4 of its levels.

You collected 182 gold pieces.

Inventory:

Hand Weapons
 a - a +2 hand axe of chaos (weapon) {Belessunu}
 n - a +0 spear (offhand) {Lukas}
 r - a +0 war axe
Missiles
 c - 5 poisoned darts (quivered)
Armour
 b - a +2 leather armour (worn)
 p - a +1 helmet (worn)
Wands
 f - a wand of flame (7)
Scrolls
 d - a scroll of amnesia
 t - a scroll of teleportation
Potions
 j - a potion of haste {unknown}
 k - 2 potions of mutation
 l - a potion of heal wounds
 m - a potion of berserk rage {unknown}
 o - a potion of brilliance
 q - 2 potions of curing


   Skills:
 * Level 4.4 Fighting
 * Level 4.4(4.9) Axes
 * Level 2.6(3.7) Polearms
 * Level 3.3 Armour
 * Level 2.8 Dodging
 + Level 1.9 Stealth
 + Level 1.5 Spellcasting
 + Level 0.0 Evocations


You had 9 spell levels left.
You didn't know any spells.
Your spell library contained the following spells:

 Spells                   Type           Power      Damage    Failure   Level
 Freeze                   Ice            0%         1d3       30%         1
 Frozen Ramparts          Ice            0%         1d1       67%         3
 Hailstorm                Conj/Ice       0%         3d5       67%         3


Dungeon Overview and Level Annotations

Branches:
Dungeon (4/15)
 Temple: D:4-7

Altars:
Xom


Innate Abilities, Weirdness & Mutations

You can wield a second weapon in your off-hand.
It takes a long time for you to wield or remove held weapons.
Your first few attacks do less damage.
You cannot equip rings or amulets.
You sometimes lose your temper in combat.
You are strong-willed. (Will+)
You are covered in fur. (AC +1)
Your spells are a little easier to cast, but a little less powerful.


Message History

You open the door.
There is an open door here.
f - a wand of flame (7) Health restored: 55
Okay, then.
As you read the scroll of enchant weapon, it crumbles to dust.
Your +1 hand axe of chaos {Belessunu} glows red for a moment.
As you read the scroll of teleportation, it crumbles to dust.
You feel strangely unstable.
Your surroundings suddenly seem different.
An endoplasm comes into view.
The endoplasm moves out of view.
As you open the door, it creaks loudly!
Found a stone staircase leading down.
There is an open door here.
You open the door.
There is an open door here.
You reach to attack!
You hit the endoplasm with your +0 spear.
You hit the endoplasm with your +2 hand axe of chaos.
You burn the endoplasm.
You kill the endoplasm!
No target in view!
You pick up a book of Frost and begin reading...
You add the spells Freeze, Frozen Ramparts and Hailstorm to your library.
There is an open door here.
You hear the rapid rusting of a drain nearby.
Found a stone staircase leading up.
You now have 173 gold pieces (gained 5).
You now have 182 gold pieces (gained 9).
You hear the rapid rusting of a very distant drain.
You hear the rapid rusting of a distant drain.
Found a stone staircase leading up.
You hear the drain falling apart.
No target in view!
The walls and floor vibrate strangely for a moment.
Found a stone staircase leading down.
There is a stone staircase leading down here.
An orc comes into view. It is wielding a +0 short sword.
Are you sure you want to abandon this character and quit the game? (Confirm with "yes".)

##'##### .. . ##...##
.o #.##.....## .##
#.#.......##
..###..........#
............>..+
..###..........#
#####......#.......##
#...@...#####.....##
#.#####.# ##...## #.#
##'## #.# #.# #.# #.#
#.# #.# ##.#####.#
##.##
#....>...######...####
#.###.##.#............
#.# #.##.#.........###


You could see an orc (asleep).

Vanquished Creatures
  A steam dragon (D:2)
  A phantom (D:4)
  A scorpion (D:3)
  A hound (D:4)
  A bombardier beetle (D:4)
  A gnoll bouda (D:4)
  Natasha (thrice) (D:2)
  An iguana (D:4)
  Robin (D:3)
  7 gnolls (D:4)
  4 adders
  8 ribbon worms
  2 orcs (D:3)
  5 endoplasms
  10 goblins (D:3)
  9 hobgoblins
  8 jackals
  3 quokkas
  8 ball pythons
  8 bats
  A frilled lizard (D:3)
  3 kobolds
  2 rats (D:2)
89 creatures vanquished.

Notes
Turn   | Place    | Note
-------+----------+-------------------------------------------
     0 | D:1      | ezpacito the Coglin Chaos Knight began the quest for the
                  | Orb.
     0 | D:1      | Reached XP level 1. HP: 18/18 MP: 1/1
   118 | D:1      | Reached skill level 1 in Dodging
   163 | D:1      | Reached XP level 2. HP: 23/24 MP: 2/2
   174 | D:1      | XOM: 1-stop teleportation journey
   318 | D:1      | XOM: swap monsters
   340 | D:1      | XOM: scenery: create altars
   419 | D:1      | You fall into a shaft and drop 1 floor!
   754 | D:2      | Noticed Natasha
   767 | D:2      | Killed Natasha
   768 | D:2      | Reached XP level 3. HP: 12/29 MP: 3/3
   816 | D:2      | Noticed Sigmund
   816 | D:2      | XOM: 1-stop teleportation journey
   822 | D:2      | Sigmund changed into Sigmund the steam dragon
   822 | D:2      | Noticed Sigmund
   828 | D:2      | Killed Sigmund the steam dragon
   829 | D:2      | Reached skill level 1 in Polearms
   829 | D:2      | Reached skill level 1 in Stealth
   829 | D:2      | Reached XP level 4. HP: 20/37 MP: 3/5
   829 | D:2      | Reached XP level 5. HP: 22/42 MP: 3/6
  1375 | D:2      | Noticed Natasha
  1382 | D:2      | Killed Natasha
  1383 | D:2      | Reached skill level 1 in Spellcasting
  1383 | D:2      | Reached XP level 6. HP: 29/48 MP: 7/7
  1419 | D:2      | XOM: 1-stop teleportation journey
  1430 | D:2      | Noticed Natasha
  1430 | D:2      | XOM: 4-stop teleportation journey
  1437 | D:2      | Killed Natasha
  1581 | D:2      | XOM: give mutations
  1581 | D:2      | Gained mutation: Your body sometimes deteriorates upon
                  | taking damage. [Xom's mischief]
  1581 | D:2      | Gained mutation: Your system is resistant to poisons.
                  | (rPois) [Xom's mischief]
  1581 | D:2      | Gained mutation: Your spells are a little easier to cast,
                  | but a little less powerful. [Xom's mischief]
  1581 | D:2      | Lost mutation: Your system is resistant to poisons. (rPois)
                  | [Xom's mischief]
  1782 | D:2      | XOM: summons 4 hostile demons
  2195 | D:3      | XOM: give mutations
  2195 | D:3      | Lost mutation: Your body sometimes deteriorates upon taking
                  | damage. [Xom's mischief]
  2195 | D:3      | Gained mutation: You are covered in fur. (AC +1) [Xom's
                  | mischief]
  2195 | D:3      | Gained mutation: You are strong-willed. (Will+) [Xom's
                  | mischief]
  2195 | D:3      | Gained mutation: You sometimes lose your temper in combat.
                  | [Xom's mischief]
  2217 | D:3      | Noticed Robin
  2220 | D:3      | XOM: potion effect (invisibility)
  2228 | D:3      | Killed Robin
  2344 | D:3      | XOM: enchant monster (good)
  2626 | D:4      | Reached XP level 7. HP: 52/54 MP: 8/8
  2692 | D:4      | XOM: 1-stop teleportation journey
  2760 | D:4      | XOM: silly message
  3310 | D:4      | Quit the game

Illustrated notes

Levels and vault maps discovered:
D:1:      roderic_chinese_lattice_arrival, layout_loops_ring
D:2:      layout_basic, uniq_sigmund, uniq_natasha
D:3:      layout_basic, uniq_robin
D:4:      layout_loops_corners, portal_sewer_entry_b

Skill      XL: |  1  2  3  4  5  6 |
---------------+-------------------+-----
Dodging        | 1 2 |  2.8
Armour         | 2 3 |  3.3
Polearms       | 1 2 |  2.6
Stealth        | 1 |  1.9
Spellcasting   | 1 |  1.5
Axes           | 4 |  4.4
Fighting       | 4 |  4.4

Action                     |  1- 3 |  4- 6 |  7- 9 || total
---------------------------+-------+-------+-------++-------
  Melee: Hand axe          |    47 |   128 |    49 ||   224
         Dagger            |    42 |     8 |       ||    50
         Spear             |       |   134 |    51 ||   185
    Use: Potion            |     1 |       |       ||     1
         Scroll            |       |     5 |     9 ||    14
   Stab: Sleeping          |     1 |     2 |     1 ||     4
         Confused          |     2 |     1 |       ||     3
         Petrified         |       |    11 |       ||    11
         Invisible         |       |     4 |       ||     4
         Petrifying        |       |     1 |       ||     1
 Armour: Leather armour    |    39 |    92 |    25 ||   156
  Dodge: Dodged            |    38 |    87 |    28 ||   153

Table legend: (Time is in decaauts)
 A = Elapsed time spent in this place.
 B = Non-inter-level travel time spent in this place.
 C = Inter-level travel time spent in this place.
 D = Time resting spent in this place.
 E = Time spent auto-exploring this place.
 F = Levels seen in this place.
 G = Mean time per level.
                   A        B        C        D        E       F      G
               +--------+--------+--------+--------+--------+-----+--------+
         Total |   3351 |   3263 |     88 |      8 |   2521 |   4 |  837.8 |
       Dungeon |   3351 |   3263 |     88 |      8 |   2521 |   4 |  837.8 |
               +--------+--------+--------+--------+--------+-----+--------+

Top non-repeatable levels by time:
     D:2: 1356 daAuts
     D:4: 759 daAuts
     D:1: 703 daAuts
     D:3: 532 daAuts
